 Dungeon Crawl Stone Soup version 0.29-a0-96-g93358da72b (webtiles) character file.

Game seed: 529225618465962482

60 Sweetruy1997 the Chopper (level 3, -11/27 HPs)
             Began as a Demonspawn Chaos Knight on Feb 11, 2022.
             Was a Plaything of Xom.
             Mangled by a troll (shapeshifter) (15 damage)
             ... on level 2 of the Dungeon.
             The game lasted 00:03:49 (1930 turns).

Sweetruy1997 the Chopper (Demonspawn Chaos Knight)  Turns: 1930, Time: 00:03:50

Health: -11/27     AC:  5    Str: 14    XL:     3   Next: 80%
Magic:  3/3        EV: 11    Int: 13    God:    Xom [......]
Gold:   39         SH:  0    Dex: 14    Spells: 2/2 levels left

rFire   . . .      SeeInvis .   a - +0 hand axe (chaos)
rCold   . . .      Faith    .   (no shield)
rNeg    . . .      Spirit   .   b - +2 leather armour
rPois   .          Reflect  .   (helmet restricted)
rElec   .          Harm     .   (no cloak)
rCorr   .          Rampage  .   (no gloves)
Will    .....                   (no boots)
Stlth   +.........              (no amulet)
HPRegen 0.09/turn               (no ring)
MPRegen 0.16/turn               (no ring)

@: no status effects
A: horns 1, magic regeneration, frail 1, strong 1
a: Renounce Religion


You were on level 2 of the Dungeon.
You worshipped Xom.
You were a very special plaything of Xom.
You visited 1 branch of the dungeon, and saw 2 of its levels.

You collected 39 gold pieces.

Inventory:

Hand Weapons
 a - a +0 hand axe of chaos (weapon)
Armour
 b - a +2 leather armour (worn)


   Skills:
 + Level 3.6 Fighting
 + Level 3.7 Axes
 - Level 2.0 Armour
 - Level 1.0 Dodging
 + Level 0.2 Stealth


You had 2 spell levels left.
You didn't know any spells.
Your spell library was empty.

Dungeon Overview and Level Annotations

Branches:
Dungeon (2/15)

Altars:


Innate Abilities, Weirdness & Mutations

You have a pair of small horns on your head.
You regenerate magic rapidly.
You are frail. (-10% HP)
Your muscles are strong. (Str +2)


Message History

The adder hisses angrily.
You closely miss the adder. The adder misses you.
The adder bites you but does no damage.
You hit the adder.
The adder suddenly seems more agile.
The adder is heavily wounded.
The adder bites you but does no damage.
You barely miss the adder.
The adder is heavily wounded.
The adder completely misses you.
You closely miss the adder.
The adder is heavily wounded.
The adder bites you. The adder barely misses you.
You closely miss the adder.
The adder is heavily wounded.
The adder bites you.
You barely miss the adder.
The adder is heavily wounded.
The adder barely misses you. The adder bites you.
You hit the adder.
The adder is severely wounded.
The adder misses you.
You hit the adder.
The adder changes into a shapeshifter!
Xom thinks this is hilarious!
Your headbutt misses the shapeshifter.
The shapeshifter changes into a hornet!
You barely miss the hornet.
The hornet changes into a troll!
You hit the troll. You freeze the troll.
The troll is moderately wounded.
The troll closely misses you. The troll claws you. x2
You hit the troll. You burn the troll.
You headbutt the troll, but do no damage.
The troll is moderately wounded.
The troll bites you but does no damage. The troll claws you.
The troll claws you!
* * * LOW HITPOINT WARNING * * *
You barely miss the troll.
The troll is moderately wounded.
The troll bites you!
Ouch! That really hurt!
You die...
Xom is highly amused!

### ..# . #.#
..#####.#
.........#########
.. #.......@T...#
....
#.....######.#
.....#....## ##
.......#..# #.
..........# #.
.....###.##
.........## #
######...## #.
##.....## #.


You could see a troll shaped shifter.

Vanquished Creatures
  Terence (D:2)
  A worm (D:2)
  3 dart slugs (D:1)
  2 endoplasms (D:1)
  2 giant cockroaches
  2 goblins
  2 hobgoblins (D:1)
  2 jackals (D:1)
  A quokka (D:1)
  2 ball pythons (D:1)
  2 bats (D:1)
  2 frilled lizards (D:1)
  2 kobolds
  3 rats
27 creatures vanquished.

Vanquished Creatures (others)
  3 fungi (D:1)
3 creatures vanquished.

Grand Total: 30 creatures vanquished

Notes
Turn   | Place    | Note
-------+----------+-------------------------------------------
     0 | D:1      | Sweetruy1997 the Demonspawn Chaos Knight began the quest
                  | for the Orb.
     0 | D:1      | Reached XP level 1. HP: 18/18 MP: 1/1
    55 | D:1      | Found a faded altar of an unknown god.
    87 | D:1      | Gained mutation: You have a pair of small horns on your
                  | head. [demonic ancestry]
    87 | D:1      | Reached XP level 2. HP: 24/24 MP: 2/2
   151 | D:1      | Reached skill level 1 in Dodging
   332 | D:1      | XOM: silly message
  1050 | D:2      | Gained mutation: You regenerate magic rapidly. [demonic
                  | ancestry]
  1050 | D:2      | Reached XP level 3. HP: 29/29 MP: 3/3
  1144 | D:2      | XOM: summons 1 hostile shadow creature
  1149 | D:2      | XOM: smoke on damage
  1232 | D:2      | XOM: give mutations
  1232 | D:2      | Gained mutation: You are dopey. (Int -2) [Xom's mischief]
  1232 | D:2      | Gained mutation: You are clumsy. (Dex -2) [Xom's mischief]
  1232 | D:2      | Gained mutation: You are very clumsy. (Dex -4) [Xom's
                  | mischief]
  1534 | D:2      | Noticed Terence
  1534 | D:2      | XOM: torment (16/29 hp)
  1537 | D:2      | Killed Terence
  1672 | D:2      | XOM: summons 1 hostile shadow creature
  1915 | D:2      | Lost mutation: You are dopey. (Int -2) [potion of mutation]
  1915 | D:2      | Lost mutation: You are very clumsy. (Dex -4) [potion of
                  | mutation]
  1915 | D:2      | Lost mutation: You are clumsy. (Dex -2) [potion of
                  | mutation]
  1915 | D:2      | Gained mutation: Your muscles are strong. (Str +2) [potion
                  | of mutation]
  1915 | D:2      | Gained mutation: You are frail. (-10% HP) [potion of
                  | mutation]
  1926 | D:2      | Noticed a shapeshifter
  1926 | D:2      | an adder changed into a shapeshifter
  1926 | D:2      | Noticed a hornet
  1926 | D:2      | a shapeshifter changed into a hornet
  1927 | D:2      | Noticed a troll
  1927 | D:2      | a hornet changed into a troll
  1930 | D:2      | Mangled by a troll (shapeshifter)

Illustrated notes

Levels and vault maps discovered:
D:1:      dpeg_arrival_rooms_b, layout_basic,
          hellmonk_ecumenical_altar_arch_garden, kennysheep_small_spiral,
          chequers_serial_rivers_room_b, minivault_23, minmay_misc_feat_plants
D:2:      layout_loops_corners, uniq_terence

Skill      XL: |  1  2 |
---------------+-------+-----
Axes           | 3 |  3.7
Dodging        | 1 |  1.0
Armour         | 2 |  2.0
Fighting       | |  3.6
Stealth        | |  0.2

Action                   || total
-------------------------++-------
Melee: Hand axe          ||    87
       Headbutt          ||    13
       Punch             ||     1
  Use: Scroll            ||     3
       Potion            ||     3
Armor: Leather armour    ||    20
Dodge: Dodged            ||    37

Table legend: (Time is in decaauts)
 A = Elapsed time spent in this place.
 B = Non-inter-level travel time spent in this place.
 C = Inter-level travel time spent in this place.
 D = Time resting spent in this place.
 E = Time spent auto-exploring this place.
 F = Levels seen in this place.
 G = Mean time per level.
                   A        B        C        D        E       F      G
               +--------+--------+--------+--------+--------+-----+--------+
         Total |   1946 |   1869 |     77 |    575 |   1028 |   2 |  973.0 |
       Dungeon |   1946 |   1869 |     77 |    575 |   1028 |   2 |  973.0 |
               +--------+--------+--------+--------+--------+-----+--------+

Top non-repeatable levels by time:
     D:2: 1004 daAuts
     D:1: 942 daAuts
